 Dungeon Crawl Stone Soup version 0.20-a0-502-g555d78b (webtiles) character file.

1319 yesno the Sneak (level 8, -3/67 HPs)
             Began as a Barachian Assassin on Jan 21, 2017.
             Was an Initiate of Gozag.
             Slain by an orc warrior
             ... wielding a +0 scimitar
              (15 damage)
             ... on level 6 of the Dungeon.
             The game lasted 00:32:44 (8476 turns).

yesno the Sneak (Barachian Assassin)                Turns: 8476, Time: 00:32:45

Health: -3/67      AC:  7    Str:  9    XL:     8   Next: 59%
Magic:  8/8        EV: 12    Int: 13    God:    Gozag
Gold:   829        SH:  0    Dex: 21    Spells: 7/7 levels left

rFire    . . .     SeeInvis .   b - +0 quarterstaff
rCold    . . .     Gourm    .   w - +1 robe of the Deaths {Int+4 Dex+4}
rNeg     . . .     Faith    .   (shield currently unavailable)
rPois    .         Spirit   .   (no helmet)
rElec    .         Reflect  .   d - +0 cloak
rCorr    .         Harm     .   (no gloves)
MR       .....                  (no boots)
Stlth    ++++......             (no amulet)
Regen    0.3/turn               (no ring)
                                t - +3 ring of protection

@: about to teleport, can't hop, slow
A: swims, agile 1, slowness 1, strong legs 1
a: Hop, Potion Petition, Call Merchant, Bribe Branch, Renounce Religion


You were on level 6 of the Dungeon.
You worshipped Gozag.
Gozag was pleased with you.
You were hungry.

You visited 1 branch of the dungeon, and saw 7 of its levels.

You collected 935 gold pieces.
You paid 106 gold pieces to Gozag.

Inventory:

Hand Weapons
 a - a +0 short sword of protection
 b - a +0 quarterstaff (weapon)
 m - a +0 blowgun
 A - a +2 dagger
Missiles
 e - 13 poisoned needles
 f - 2 curare-tipped needles
 q - 6 needles of sleeping
Armour
 c - a +0 robe
 d - a +0 cloak (worn)
 n - a +2 robe of magic resistance
 u - a +0 helmet
 w - the +1 robe of the Deaths (worn) {Int+4 Dex+4}
   (You found it on level 7 of the Dungeon)

   It affects your intelligence (+4).
   It affects your dexterity (+4).
Jewellery
 t - a +3 ring of protection (left hand)
Scrolls
 h - 2 scrolls of noise
 j - 3 scrolls of amnesia
 k - 3 scrolls of immolation
 o - 2 scrolls of remove curse
 s - a scroll of fog {unknown}
 v - a scroll of blinking {unknown}
 x - a scroll of teleportation
 y - 2 scrolls of recharging
 z - a scroll of identify
Potions
 p - a potion of flight
Comestibles
 g - 6 bread rations
 i - a meat ration
 l - 2 slices of pizza
 r - a beef jerky


   Skills:
 + Level 7.0 Fighting
 - Level 4.2 Short Blades
 + Level 3.6 Staves
 - Level 1.7 Throwing
 - Level 1.0 Dodging
 - Level 7.7 Stealth


You had 7 spell levels left.
You didn't know any spells.

Dungeon Overview and Level Annotations

Branches:
Dungeon (7/15)             Temple (0/1) D:6

Altars:
Gozag
Makhleb
Xom
Zin
The Shining One

Annotations:
D:2 exclusions: adder and leopard gecko
D:4 Sigmund
D:6 exclusion: iguana
D:7 exclusion: 2 howler monkeys


Innate Abilities, Weirdness & Mutations

You can swim through water.
You cover ground slowly.
You can hop short distances.
You are agile. (Dex +2)


Message History

The orc warrior hits you but does no damage.
You barely miss the orc warrior. The orc warrior misses you.
You hit the orc warrior.
The orc warrior is lightly wounded.
The orc warrior hits you with a scimitar!
You take 17 damage, and have 38/67 hp.
MASSIVE DAMAGE!!
Okay, then.
The orc warrior hits you with a scimitar!!
* * * LOW HITPOINT WARNING * * *
You take 27 damage, and have 11/67 hp.
MASSIVE DAMAGE!!
Hop to where?
Press: ? - help, Dir - move target cursor Boing!
There is a staircase to the Ecumenical Temple here.
Okay, then.
As you read the scroll of teleportation, it crumbles to dust.
You feel strangely unstable.
The orc warrior hits you with a scimitar!
You die...
Your body crumbles into a pile of gold.

..............................##
........[.....................###
......(.................#........
...........>>.......##.#.....###.
.............ยง.........#(.##.####
#######.##........#.#............
#...#.........#....###.####
###.#####o##.......# #.####
###.#####.@...#.######.##..
#.........................#
#.............#.######..###
#.........#.##..# ##...#
#.........[_...## ###.#
#.........#.#..# ##..
######.####...###### #..# #.(#
##.......# #.## ###[## ##..###.##
##.#


You could see an orc warrior.

Vanquished Creatures
  A sky beast (D:6)
  An ice beast (D:5)
  A phantom (D:7)
  A centaur (D:5)
  A bullfrog (D:7)
  A scorpion (D:6)
  2 howler monkeys
  4 crimson imps (D:5)
  2 hounds
  3 orc priests
  A bullfrog skeleton (D:4)
  4 worker ants
  5 orc wizards
  A hound skeleton (D:4)
  A worker ant zombie (D:7)
  9 adders
  5 oozes
  2 adder skeletons
  A worm (D:6)
  2 dart slugs (D:1)
  3 leopard geckos
  17 orcs
  A ball python (D:2)
  5 giant cockroaches
  6 goblins
  3 hobgoblins
  4 jackals (D:3)
  11 kobolds
  A quokka (D:7)
  7 bats
  7 frilled lizards
  4 rats
117 creatures vanquished.

Notes
Turn   | Place    | Note
-------+----------+-------------------------------------------
     0 | D:1      | yesno the Barachian Assassin began the quest for the Orb.
     0 | D:1      | Reached XP level 1. HP: 16/16 MP: 1/1
   274 | D:1      | Reached XP level 2. HP: 6/22 MP: 2/2
   755 | D:1      | Reached XP level 3. HP: 27/27 MP: 3/3
  1523 | D:2      | Reached XP level 4. HP: 11/33 MP: 4/4
  2032 | D:3      | Reached skill level 5 in Stealth
  2712 | D:3      | Reached XP level 5. HP: 31/38 MP: 5/5
  2884 | D:4      | Noticed Sigmund
  3245 | D:4      | Found an opulent altar of Gozag.
  3259 | D:4      | Became a worshipper of Gozag Ym Sagoz the Greedy
  3597 | D:5      | Entered Level 5 of the Dungeon
  3613 | D:4      | Gained mutation: You are agile. (Dex +2) [potion of beneficial mutation]
  3617 | D:4      | Reached XP level 6. HP: 6/46 MP: 6/6
  4069 | D:4      | Noticed a phantom
  4302 | D:5      | Found a burning altar of Makhleb.
  4730 | D:5      | Reached XP level 7. HP: 43/54 MP: 7/7
  5210 | D:5      | Reached skill level 5 in Fighting
  6186 | D:6      | Found a staircase to the Ecumenical Temple.
  6192 | D:6      | Found a glowing golden altar of the Shining One.
  6462 | D:6      | Reached XP level 8. HP: 62/64 MP: 8/8
  6489 | D:6      | Reached skill level 1 in Staves
  6815 | D:6      | Found a shimmering altar of Xom.
  7362 | D:7      | Found a glowing silver altar of Zin.
  7412 | D:7      | Got an ancient robe
  7444 | D:7      | Identified the +1 robe of the Deaths {Int+4 Dex+4} (You found it on level 7 of the Dungeon)
  8192 | D:7      | Noticed a hippogriff
  8476 | D:6      | Slain by an orc warrior

Vault maps used:
D:1:      minmay_arrival_widening_spiral_wide
D:2:      lemuel_doored_altar, wad_floor_pattern_untrapped
D:4:      grunt_gozag_breadcrumbs, first_bread, uniq_sigmund
D:5:      makhleb_grotto_becter
D:6:      lemuel_crystal_altar, basic_altar
D:7:      old_standard_altar, uniq_crazy_yiuf_cottage

Skill      XL: |  1  2  3  4  5  6  7  8 |
---------------+-------------------------+-----
Short Blades   | 3 4 |  4.2
Stealth        | 5 6 7 |  7.7
Fighting       | 4 5 7 |  7.0
Staves         | 3 |  3.6
Throwing       | |  1.7
Dodging        | |  1.0

Action                   |  1- 3 |  4- 6 |  7- 9 || total
-------------------------+-------+-------+-------++-------
Melee: Dagger            |   103 |    91 |   228 ||   422
       Short sword       |    16 |   247 |   223 ||   486
       Quarterstaff      |       |       |   210 ||   210
 Fire: Blowgun           |    14 |       |       ||    14
 Abil: Hop               |     1 |     1 |     4 ||     6
  Use: Scroll            |     3 |     6 |     3 ||    12
       Potion            |     1 |     6 |     6 ||    13
 Stab: Sleeping          |     4 |     7 |     4 ||    15
       Invisible         |       |     1 |       ||     1
  Eat: Chunk             |     2 |     7 |       ||     9
       Meat ration       |       |     1 |     2 ||     3
       Pizza             |       |     1 |       ||     1
       Beef jerky        |       |     1 |       ||     1
Armor: Robe              |    19 |   124 |   209 ||   352
Dodge: Dodged            |    77 |   169 |   331 ||   577
